cohdb
Replays
Latest Replays
All Replays
Popular Replays
Top Player Replays
Match Explorer
How It Works
Community
CoH3 Stats
Reddit
Sign in to upload your games and track your stats! →
Sign in with Steam
Match 45251618
Unlisted
Match 45251618
Overview
Messages
Build Orders
End
Panzergrenadier Squad
Selects Battlefield Espionage Battlegroup
250 Light Carrier
Panzergrenadier Squad
Construct Light Support Kompanie
Panzerjäger Squad
Fire Support Elements
le.IG 18 Mechanized Group
Selects Intel Disruption Beacon
Pak 38 Anti-tank Gun Team
Construct Mechanized Kompanie
Para_Dilshan
MessersCHmitt
牧目漁洋雨
Oven Merchant
BanjoHappySailor
Lucile
Слизняк
We’re the ones who live
0
0
Comments
sign in to comment!
No comments posted yet!